 Dungeon Crawl Stone Soup version 0.17-a0-1646-geb1493d (webtiles) character file.

2081 urechis the Conjurer (level 9, -2/55 HPs)
             Began as a Gargoyle Wizard on Aug 11, 2015.
             Was a Follower of Vehumet.
             Slain by a hill giant
             ... wielding a +0 giant club
              (35 damage)
             ... on level 7 of the Dungeon.
             The game lasted 00:20:14 (5919 turns).

urechis the Conjurer (Gargoyle Wizard)              Turns: 5919, Time: 00:20:15

Health: -2/55      AC: 16    Str: 10    XL:     9   Next: 27%
Magic:  12/15      EV: 11    Int: 23    God:    Vehumet [*.....]
Gold:   252        SH:  5    Dex:  8    Spells: 6 memorised, 3 levels left

rFire  + . .     SeeInvis .     q - +2 whip (venom)
rCold  . . .     Clarity  .     y - +2 leather armour {rF+}
rNeg   + . .     SustAt   .     e - +0 buckler
rPois  ∞         Gourm    .     F - +1 helmet
rElec  +         Spirit   .     u - +0 cloak
rCorr  .         Warding  .     k - +0 pair of gloves
rMut   .         Stasis   .     (no boots)
MR     .....                    (no amulet)
Stlth  +.........               (no ring)
                                (no ring)

@: not resistant to hostile enchantments, very unstealthy
A: negative energy resistance 1, electricity resistance, unbreathing,
petrification resistance, rot immunity, AC +5
a: Renounce Religion


You were on level 7 of the Dungeon.
You worshipped Vehumet.
Vehumet was aware of your devotion.
You were not hungry.

You visited 1 branch of the dungeon, and saw 8 of its levels.

You collected 252 gold pieces.

Inventory:

Hand weapons
 q - a +2 whip of venom (weapon)
 t - a +2 quarterstaff of chaos
Armour
 e - a +0 buckler (worn)
 k - a +0 pair of gloves (worn)
 u - a +0 cloak (worn)
 y - a +2 leather armour of fire resistance (worn)
 F - a +1 helmet (worn)
Magical devices
 s - a wand of hasting (2)
Scrolls
 a - 2 scrolls of noise {unknown}
 f - 2 scrolls of immolation
 g - 2 scrolls of enchant weapon
 h - 3 scrolls of teleportation
 n - 5 scrolls of remove curse
 o - 2 scrolls of enchant armour
 p - a scroll of blinking {unknown}
 w - a scroll of amnesia {unknown}
 x - a scroll of random uselessness {unknown}
 E - a scroll of magic mapping {unknown}
 G - a scroll of identify
Potions
 b - a potion of agility {unknown}
 j - 2 potions of mutation
 l - 2 potions of haste
 m - a potion of curing {unknown}
 r - a potion of cure mutation {unknown}
 v - a potion of flight {unknown}
 z - a potion of heal wounds {unknown}
 A - a potion of might {unknown}
Books
 c - a book of Minor Magic

   Spells                             Type                      Level
   a - Magic Dart                     Conjuration                  1
   b - Blink                          Translocation                2
   c - Call Imp                       Summoning                    2
   d - Repel Missiles                 Charms/Air                   2
   e - Slow                           Hexes                        2
   f - Conjure Flame                  Conjuration/Fire             3
   g - Mephitic Cloud                 Conjuration/Poison/Air       3
 H - a book of Necromancy

   Spells                             Type                      Level
   a - Pain                           Necromancy                   1
   b - Animate Skeleton               Necromancy                   1
   c - Vampiric Draining              Necromancy                   3
   d - Regeneration                   Charms/Necromancy            3
   e - Animate Dead                   Necromancy                   4
   f - Control Undead                 Necromancy                   4
Comestibles
 d - 5 bread rations
 i - 3 slices of pizza
 B - 2 meat rations
 C - 2 chunks of flesh
 D - a royal jelly


   Skills:
 - Level 6.0 Fighting
 + Level 1.4 Staves
 * Level 5.9 Armour
 - Level 1.5 Dodging
 - Level 2.1 Stealth
 - Level 6.1 Shields
 - Level 4.0 Spellcasting
 - Level 6.2 Conjurations
   Level 0.8 Summonings
 - Level 0.8 Translocations


You had 3 spell levels left.
You knew the following spells:

 Your Spells              Type           Power        Failure   Level  Hunger
a - Magic Dart            Conj           ####         1%          1    None
b - Blink                 Tloc           N/A          17%         2    #......
c - Conjure Flame         Conj/Fire      ###.....     12%         3    ##.....
d - Mephitic Cloud        Conj/Pois/Air  ##......     17%         3    ##.....
e - Repel Missiles        Chrm/Air       #.....       21%         2    #......
f - Slow                  Hex            #.......     21%         2    #......


Dungeon Overview and Level Annotations

Branches:
Dungeon (8/15)
 Temple: D:4-7         Lair: D:8-11

Altars:
Ashenzari
Dithmenos
Fedhas
Nemelex Xobeh
Vehumet

Annotations:
D:8 Erolcha


Innate Abilities, Weirdness & Mutations

You are resistant to torment.
Your stone body is resilient (AC +5).
You are immune to poison.
You resist negative energy.
You are resistant to electric shocks.
You can survive without breathing.
You are immune to petrification.
You are immune to rotting.


Message History

The hill giant appears confused.
You see here an arrow.
The hill giant is engulfed in noxious fumes.
You hit the hill giant.
The hill giant is poisoned.
The hill giant is lightly wounded.
You hit the hill giant but do no damage.
The hill giant is lightly wounded.
You whack the hill giant!
The hill giant looks even sicker.
The hill giant is moderately wounded.
You hit the hill giant.
The hill giant is moderately wounded.
The hill giant seems less confused.
The hill giant closely misses you.
You hit the hill giant.
The hill giant is moderately wounded.
The hill giant hits you with a giant club.
You hit the hill giant but do no damage.
The hill giant is heavily wounded.
The hill giant hits you with a giant club!!
Ouch! That really hurt!
You die...

.. ### ... ... .... ...
....###'### ######
..........# #.....#
#......# #.....#
+$.C@..# #.....+
#......########.....#
'#....(.#..##..#......
.........(#...#..#......
..........(...'..'......
..........#(###.##......
........###+###.###'#...
+###....#....#......#...
+....#....#......#...


You could see a hill giant.

Vanquished Creatures
  Grinder (D:3)
  Eustachio (D:4)
  An ice beast (D:5)
  An orc warrior (D:8)
  A phantom (D:5)
  4 centaurs
  3 ogres
  A big kobold (D:4)
  Blork the orc (D:4)
  A scorpion (D:7)
  3 orc wizards
  A quasit (D:7)
  Crazy Yiuf (D:3)
  An orc priest (D:7)
  4 crimson imps
  2 giant frog skeletons (D:5)
  A worker ant (D:8)
  Jessica (D:3)
  Terence (D:2)
  Natasha (D:4)
  A hound zombie (D:5)
  10 gnolls
  3 adders
  An adder zombie (D:5)
  4 worms
  7 giant geckos
  13 orcs
  4 giant cockroaches
  9 goblins
  5 hobgoblins
  2 jackals (D:5)
  A quokka (D:2)
  3 ball pythons
  10 bats
  A giant gecko skeleton (D:4)
  6 giant newts
  12 kobolds
  A quokka skeleton (D:5)
  7 rats
  A bush (D:3)
132 creatures vanquished.

Notes
Turn   | Place    | Note
--------------------------------------------------------------
     0 | D:1      | urechis the Gargoyle Wizard began the quest for the Orb.
     0 | D:1      | Reached XP level 1. HP: 10/10 MP: 4/4
   113 | D:1      | Reached XP level 2. HP: 12/15 MP: 3/6
   360 | D:1      | Learned a level 2 spell: Blink
   797 | D:2      | Reached XP level 3. HP: 19/19 MP: 1/7
  1447 | D:2      | Noticed Terence
  1492 | D:2      | Killed Terence
  1492 | D:2      | Reached XP level 4. HP: 3/24 MP: 0/9
  1849 | D:2      | Reached skill level 4 in Spellcasting
  2270 | D:3      | Noticed Jessica
  2273 | D:3      | Killed Jessica
  2273 | D:3      | Reached XP level 5. HP: 26/28 MP: 8/11
  2301 | D:3      | Found a faded altar to an unknown god.
  2577 | D:3      | Noticed Grinder
  2582 | D:3      | Paralysed by Grinder for 5 turns
  2596 | D:3      | Killed Grinder
  2596 | D:3      | Reached skill level 6 in Conjurations
  2596 | D:3      | Reached XP level 6. HP: 18/32 MP: 12/12
  2601 | D:3      | Learned a level 3 spell: Conjure Flame
  2605 | D:3      | Learned a level 3 spell: Mephitic Cloud
  2608 | D:3      | Learned a level 2 spell: Repel Missiles
  2611 | D:3      | Learned a level 2 spell: Slow
  2906 | D:3      | Noticed Crazy Yiuf
  2912 | D:3      | Killed Crazy Yiuf
  3050 | D:3      | Reached skill level 1 in Fighting
  3231 | D:4      | Found a blossoming altar of Fedhas.
  3231 | D:4      | Found a radiant altar of Vehumet.
  3238 | D:4      | Became a worshipper of Vehumet
  3263 | D:4      | Noticed Blork the orc
  3271 | D:4      | Killed Blork the orc
  3271 | D:4      | Reached XP level 7. HP: 15/38 MP: 7/13
  3631 | D:4      | Found a sparkling altar of Nemelex Xobeh.
  3701 | D:4      | Noticed Eustachio
  4083 | D:4      | Noticed Natasha
  4090 | D:4      | Killed Natasha
  4240 | D:4      | Killed Eustachio
  4295 | D:5      | Entered Level 5 of the Dungeon
  4323 | D:5      | Reached skill level 5 in Shields
  4323 | D:5      | Reached XP level 8. HP: 32/46 MP: 14/14
  4489 | D:5      | Found a sparkling altar of Nemelex Xobeh.
  4672 | D:5      | Found a shadowy altar of Dithmenos.
  4704 | D:5      | Acquired Vehumet's first power
  4704 | D:5      | Offered knowledge of Flame Tongue by Vehumet.
  4711 | D:5      | Found a shattered altar of Ashenzari.
  4768 | D:5      | Reached skill level 1 in Armour
  5335 | D:6      | You fall through a shaft for 2 floors!
  5343 | D:8      | Reached skill level 5 in Fighting
  5353 | D:8      | HP: 1/49 [orc warrior/dire flail (18)]
  5368 | D:8      | HP: 2/50 [orc/hand axe (1)]
  5590 | D:8      | Noticed Erolcha
  5608 | D:7      | Reached XP level 9. HP: 37/55 MP: 15/15
  5697 | D:7      | Reached skill level 5 in Armour
  5898 | D:7      | Reached skill level 1 in Staves
  5903 | D:7      | Noticed a hill giant
  5919 | D:7      | Slain by a hill giant

Vault maps used:
D:1:      minmay_arrival_five_plusses, bh_walls_and_bars
D:2:      uniq_terence
D:3:      ecumenical_altar_1, st_stairs_6, minmay_liquid_box,
          hangedman_decor_clover_reticule, uniq_grinder,
          uniq_crazy_yiuf_cottage, uniq_jessica
D:4:      gammafunk_temple_overflow_pools, first_bread,
          nemelex_lonely_heart_becter, uniq_eustachio, uniq_natasha,
          uniq_blork_the_orc
D:5:      overflow_temple_1_default, nemelex_deck, grunt_dithmenos_smoke
D:6:      minmay_temple_entry_statues, lemuel_another_geyser
D:7:      grunt_temple_overflow_diamond
D:8:      enter_bailey_3, uniq_pikel, uniq_erolcha, uniq_maurice

Action                   |  1- 3 |  4- 6 |  7- 9 || total
-------------------------+-------+-------+-------++-------
Melee: Unarmed           |    13 |       |       ||    13
       Short sword       |    75 |       |       ||    75
       Whip              |       |   101 |   338 ||   439
 Cast: Magic Dart        |    90 |    53 |    59 ||   202
       Repel Missiles    |       |       |     2 ||     2
       Mephitic Cloud    |       |       |     2 ||     2
  Use: Scroll            |       |     5 |     1 ||     6
       Potion            |       |       |     1 ||     1
 Stab: Sleeping          |       |       |     1 ||     1
  Eat: Chunk             |     2 |     5 |     8 ||    15
       Royal jelly       |       |       |     1 ||     1
